[Event "Live Chess"]
[Site "Chess.com"]
[Date "2024.06.01"]
[Round "-"]
[White "WildMantra69"]
[Black "Hazban"]
[Result "0-1"]
[WhiteElo "2014"]
[BlackElo "2031"]
[TimeControl "300"]
[EndTime "9:00:49 PDT"]
[Termination "Hazban won by resignation"]

1. d4 Nf6 2. c4 e5 3. dxe5 Ng4 4. f4 Bc5 5. Nh3 Ne3 6. Bxe3 Bxe3 7. Qd3 Bc5 8. Nc3 O-O 9. Ng5 g6 10. Qh3 h5 11. e3 d6 12. O-O-O Bxh3 0-1

[Event "Live Chess"]
[Site "Chess.com"]
[Date "2024.06.01"]
[Round "-"]
[White "Crowded_House"]
[Black "DJ_Lambton"]
[Result "1/2-1/2"]
[WhiteElo "1765"]
[BlackElo "1760"]
[TimeControl "300"]
[EndTime "9:01:24 PDT"]
[Termination "Game drawn by agreement"]

1. d4 c6 2. c3 d5 3. Bg5 Bf5 4.
e3 Nd7 5. Bd3 Bxd3 6. Qxd3 Ngf6 7. Nd2 e6 8. Ngf3 Be7 9. O-O O-O 10. Rfe1 Rc8 11. e4 dxe4 12. Nxe4 Nxe4 13. Bxe7 Qxe7 14. Qxe4 Nf6 15. Qe5 c5 16. dxc5 Rxc5 17. Qe2 Rd5 18. Red1 Rfd8 19. Rxd5 Rxd5 20. Rd1 h6 21. Rxd5 Nxd5 22.
h3 Qc7 23. Qe5 Qxe5 24. Nxe5 Kf8 1/2-1/2

[Event "Live Chess"]
[Site "Chess.com"]
[Date "2024.06.01"]
[Round "-"]
[White "Queensandpawns"]
[Black "Ocelot32"]
[Result "1-0"]
[WhiteElo "2489"]
[BlackElo "1390"]
[TimeControl "300"]
[EndTime "9:02:03 PDT"]
[Termination "Queensandpawns won by resignation"]

1. d4 Nf6 2. Nc3 d5 3. Bf4 c6 4. e3 Bf5 5. f3 Nbd7 6. g4 Bg6 7. h4 h6 8. h5 Bh7 9. Bd3 Bxd3 10. Qxd3 e6 11.
O-O-O Nb6 12. e4 dxe4 13. fxe4 Bb4 14. Nge2 Qe7 15. a3 Bd6 16. e5 Bxe5 17. dxe5 Nfd5 18.
Ne4 Nxf4 19. Nxf4 Rd8 20. Nd6+ Kf8 21. Rdf1 Nd5 22. Ng6+ 1-0

[Event "Live Chess"]
[Site "Chess.com"]
[Date "2024.06.01"]
[Round "-"]
[White "TheSmoulderingMaster"]
[Black "Kyrylo7770"]
[Result "1-0"]
[WhiteElo "1729"]
[BlackElo "1716"]
[TimeControl "300"]
[EndTime "9:02:28 PDT"]
[Termination "TheSmoulderingMaster won by checkmate"]

1. e4 c6 2. d4 d5 3. Nc3 Nf6 4.
e5 Ne4 5. Nxe4 dxe4 6. Ne2 Bf5 7. Ng3 Bg6 8. Bc4 e6 9. c3 b5 10. Bb3 b4 11. Bc2 Qd5 12. Qe2 bxc3 13. bxc3 e3 14.
Bxg6 hxg6 15. fxe3 c5 16. O-O cxd4 17. cxd4 Qd8 18.
Bb2 Qh4 19. Qf3 Qxh2+ 20. Kf2 Nd7 21. Qxa8+ Ke7 22. Ba3+ Nc5 23. Bxc5+ Kd7 24. Qb7+ Ke8 25. Qc8# 1-0

[Event "Live Chess"]
[Site "Chess.com"]
[Date "2024.06.01"]
[Round "-"]
[White "TedUdale"]
[Black "gmnorfolk"]
[Result "1-0"]
[WhiteElo "2171"]
[BlackElo "2132"]
[TimeControl "300"]
[EndTime "9:02:41 PDT"]
[Termination "TedUdale won by resignation"]

1. e4 c5 2. Nc3 Nc6 3. f4 g6 4. Nf3 Bg7 5. Bc4 e6 6. d3 Nge7 7. O-O d5 8. Bb3 b5 9. Nxb5 Qb6 10. c4 dxc4 11. Nd6+ Kf8 12. Nxc4 Qc7 13. Be3 Nd4 14. Nxd4 cxd4 15. Bd2 Bb7 16. Rc1 Qd8 17. Qe1 f5 18. Ne5 Qd6 19. Bb4 Qb6 20. Nd7+ 1-0

[Event "Live Chess"]
[Site "Chess.com"]
[Date "2024.06.01"]
[Round "-"]
[White "Inglaterra"]
[Black "resipsa6"]
[Result "0-1"]
[WhiteElo "2042"]
[BlackElo "2056"]
[TimeControl "300"]
[EndTime "9:03:02 PDT"]
[Termination "resipsa6 won by resignation"]

1. c4 c5 2. Nf3 Nf6 3. Nc3 g6 4.
d4 cxd4 5. Nxd4 Nc6 6. g3 Bg7 7. Bg2 O-O 8. O-O d6 9. Nxc6 bxc6 10. Bxc6 Rb8 11. Bg2 Bb7 12. Qc2 Bxg2 13. Kxg2 Qa5 14.
Bd2 Qc5 15. b3 d5 16. cxd5 Nxd5 17. Rac1 Nxc3 18. Bxc3 Rfc8 19. Qe4 Bxc3 20. Rc2 Qc6 21. Qxc6 Rxc6 22. Rfc1 Rbc8 23. Kf3 R6c7 0-1

[Event "Live Chess"]
[Site "Chess.com"]
[Date "2024.06.01"]
[Round "-"]
[White "TJ-W"]
[Black "ClassyChameleon"]
[Result "1-0"]
[WhiteElo "1562"]
[BlackElo "1531"]
[TimeControl "300"]
[EndTime "9:03:24 PDT"]
[Termination "TJ-W won by checkmate"]

1. e4 e5 2. Nf3 Nc6 3. Bb5 a6 4. Ba4 b5 5. Bb3 Bb7 6. O-O Bc5 7. c3 Nf6 8. d4 exd4 9. cxd4 Bb6 10. Re1 Na5 11.
Bg5 h6 12. Bh4 g5 13. Bg3 Qe7 14. Ne5 Nxb3 15. axb3 O-O-O 16. Nc3 Rde8 17. Rc1 Rh7 18.
Nd5 Nxd5 19. exd5 Qb4 20. Nxf7 Rxe1+ 21. Qxe1 Qxe1+ 22. Rxe1 Rxf7 23. Re8# 1-0

[Event "Live Chess"]
[Site "Chess.com"]
[Date "2024.06.01"]
[Round "-"]
[White "Bunny55"]
[Black "ProfPoisson"]
[Result "0-1"]
[WhiteElo "1183"]
[BlackElo "1235"]
[TimeControl "300"]
[EndTime "9:03:44 PDT"]
[Termination "ProfPoisson won by checkmate"]

1. e4 e5 2. Nf3 Nf6 3. Nxe5 Nxe4 4. d4 d5 5. Bd3 Nd7 6. O-O Nxe5 7. dxe5 Be7 8. Re1 Bc5 9. Rf1 Bf5 10. a3 Qh4 11. g3 Nxg3 12. hxg3 Qxg3+ 13. Kh1 Qh4+ 14. Kg1 Bg4 15. Qd2 O-O-O 16. Nc3 Bf3 17. Qg5 Qh1# 0-1

[Event "Live Chess"]
[Site "Chess.com"]
[Date "2024.06.01"]
[Round "-"]
[White "Delacorta"]
[Black "booktrunk"]
[Result "1-0"]
[WhiteElo "1417"]
[BlackElo "1376"]
[TimeControl "300"]
[EndTime "9:03:52 PDT"]
[Termination "Delacorta won by checkmate"]

1. d4 e6 2. Nf3 Nf6 3. e3 b6 4.
Bd3 Bb7 5. O-O h6 6. b3 Be7 7. Bb2 d6 8. Nbd2 a5 9. c4 d5 10.
Qc2 dxc4 11. bxc4 O-O 12. Ne5 Nbd7 13. f4 g6 14. Bxg6 Kg7 15. Bxf7 Rxf7 16. Qg6+ Kh8 17. Nxf7# 1-0

[Event "Live Chess"]
[Site "Chess.com"]
[Date "2024.06.01"]
[Round "-"]
[White "Duke_of_Bebington"]
[Black "peteopeteo"]
[Result "0-1"]
[WhiteElo "1618"]
[BlackElo "1610"]
[TimeControl "300"]
[EndTime "9:03:55 PDT"]
[Termination "peteopeteo won by resignation"]

1. e4 c6 2. d4 d5 3. e5 Bf5 4. g4 Bg6 5. h4 h5 6. e6 Qd6 7.
exf7+ Bxf7 8. Nh3 Nd7 9. Nc3 Ndf6 10. Be2 O-O-O 11. g5 Ng4 12. Bxg4+ hxg4 13. Qxg4+ Be6 14. Qg2 Bxh3 15. Rxh3 Qe6+ 16. Re3 Qf5 17. Re2 Rxh4 18. Be3 Rg4 19. Qh3 Rg1+ 20. Qf1 Rxf1+ 21. Kxf1 Qh3+ 22. Ke1 0-1

[Event "Live Chess"]
[Site "Chess.com"]
[Date "2024.06.01"]
[Round "-"]
[White "TheRedDrag"]
[Black "EdenHazard8"]
[Result "0-1"]
[WhiteElo "2185"]
[BlackElo "2193"]
[TimeControl "300"]
[EndTime "9:04:30 PDT"]
[Termination "EdenHazard8 won by resignation"]

1. e4 c6 2. d4 d5 3. Nc3 dxe4 4. Nxe4 Nf6 5. Nxf6+ exf6 6. c3 Bd6 7. Bd3 O-O 8. Ne2 Re8 9. Qc2 f5 10. Bxf5 Bxf5 11.
Qxf5 Nd7 12. Be3 Nb6 13. O-O-O Nc4 14. Qd3 Nxe3 15. fxe3 Qg5 16. Qd2 Qxe3 17. Rhe1 Qxd2+ 18. Rxd2 Bxh2 19. Rf1 Bd6 20. Kc2 Re7 21. Nf4 g6 22.
Nd3 Rae8 23. Rff2 h5 24. b3 h4 25. Nf4 Re4 26. Nh3 Bg3 27. Rf3 Re2 28. Ng5 f5 29. Kd3 Rxd2+ 30. Kxd2 Kg7 31. Nh3 Kf6 32. Nf4 Bxf4+ 33.
Rxf4 g5 34. Rf3 g4 35. Rf2 Kg5 36. Kd3 f4 37. c4 Re3+ 38. Kd2 h3 39. gxh3 gxh3 40.
d5 cxd5 41. cxd5 Re5 42. Kc3 Rxd5 43. Kc4 Re5 44. Rf3 Kg4 45. Rf2 Kg3 46. Rf1 h2 47. Kb4 Kg2 48. Rb1 h1=Q 49. Rxh1 Kxh1 50. Ka3 f3 51. b4 f2 52. b5 f1=Q 53. b6 Qa6+ 0-1

[Event "Live Chess"]
[Site "Chess.com"]
[Date "2024.06.01"]
[Round "-"]
[White "DJ_Lambton"]
[Black "WildMantra69"]
[Result "0-1"]
[WhiteElo "1753"]
[BlackElo "2017"]
[TimeControl "300"]
[EndTime "9:04:35 PDT"]
[Termination "WildMantra69 won by checkmate"]

1. c4 e5 2. g3 Nf6 3. Bg2 c6 4. d4 exd4 5. Qxd4 d5 6. cxd5 cxd5 7. Nc3 Be6 8. Nf3 Nc6 9. Qd1 Bb4 10. O-O O-O 11. a3 Bxc3 12. bxc3 Ne4 13. Qc2 Qf6 14. Bb2 Rfc8 15. c4 Qg6 16. cxd5 Bxd5 17. Qd3 Be6 18. Rac1 Ne7 19. Rfd1 Bf5 20. Qd4 f6 21. Nh4 Rxc1 22. Nxg6 Rxd1+ 23. Qxd1 Bxg6 24. Qb3+ Kf8 25. Bxe4 Bxe4 26. Qe3 Bc6 27. Bc3 a6 28. Bb4 Re8 29. Qc3 Kg8 30. Bxe7 Rxe7 31. Qc4+ Kf8 32. f3 Bb5 33. Qb4 Bxe2 34. Kf2 Bb5 35. g4 Ke8 36. Qc5 Re2+ 37. Kg3 Re7 38. Qc8+ Kf7 39. h4 g6 40. Qc5 Bc6 41. Qc4+ Kg7 42. Qc3 Rd7 43. g5 Rf7 44. gxf6+ Rxf6 45. Kg4 Bxf3+ 46. Kg5 h6# 0-1

[Event "Live Chess"]
[Site "Chess.com"]
[Date "2024.06.01"]
[Round "-"]
[White "GEMdzq"]
[Black "chessfiction"]
[Result "0-1"]
[WhiteElo "2332"]
[BlackElo "2430"]
[TimeControl "300"]
[EndTime "9:04:37 PDT"]
[Termination "chessfiction won by resignation"]

1. e4 d6 2. d4 Nf6 3. Bd3 c6 4. c3 Qc7 5. Nf3 Bg4 6. Nbd2 Nbd7 7. h3 Bh5 8. O-O e5 9. Qc2 Be7 10. Re1 O-O 11. b3 Rfe8 12. Bb2 Rad8 13. Rac1 a6 14.
a4 h6 15. Ra1 Bg6 16. a5 Bf8 17. Nh4 Bh7 18. Bc4 d5 19. Bd3 dxe4 20. Nxe4 Nxe4 21.
Bxe4 Bxe4 22. Rxe4 Nf6 23. Rxe5 Rxe5 24. dxe5 Qxe5 25. c4 Qe4 26. Qxe4 Nxe4 27. Nf3 Bc5 28. Rf1 Nxf2 29. Rxf2 Rd1+ 0-1

[Event "Live Chess"]
[Site "Chess.com"]
[Date "2024.06.01"]
[Round "-"]
[White "CheDA13"]
[Black "Enhard"]
[Result "1-0"]
[WhiteElo "1503"]
[BlackElo "1458"]
[TimeControl "300"]
[EndTime "9:04:41 PDT"]
[Termination "CheDA13 won by checkmate"]

1. e4 e6 2. d4 d5 3. Nd2 Nf6 4.
e5 Nfd7 5. Bd3 c5 6. c3 Nc6 7.
Ngf3 Qb6 8. O-O cxd4 9. cxd4 Nxd4 10. Nxd4 Qxd4 11. Nf3 Qb6 12. Qa4 Be7 13. Qg4 g6 14.
Bh6 Bf8 15. Bg5 Bg7 16. Rac1 O-O 17. h4 h6 18. Bf4 h5 19. Qh3 Qxb2 20. g4 hxg4 21.
Qxg4 Nxe5 22. Nxe5 Bxe5 23. h5 Bxf4 24. Qxf4 Qg7 25.
Kh1 g5 26. Qg4 e5 27. Bf5 Bxf5 28. Qxf5 f6 29. Rg1 Qh7 30. Qe6+ Qf7 31. Qf5 Qh7 32.
Qe6+ Kg7 33. Rc7+ Rf7 34. Qxf7+ Kh8 35. Qxh7# 1-0

[Event "Live Chess"]
[Site "Chess.com"]
[Date "2024.06.01"]
[Round "-"]
[White "Eva3337"]
[Black "Grace6363"]
[Result "1-0"]
[WhiteElo "1127"]
[BlackElo "1098"]
[TimeControl "300"]
[EndTime "9:04:49 PDT"]
[Termination "Eva3337 won by checkmate"]

1. e4 c5 2. Nf3 Nc6 3. c3 d5 4. e5 Bg4 5. Be2 Bxf3 6. Bxf3 Nxe5 7. d4 Nxf3+ 8. Qxf3 cxd4 9. cxd4 e6 10.
O-O Nf6 11. Bg5 Be7 12. Nc3 a6 13. Rfe1 Qb6 14. Bxf6 Bxf6 15. Nxd5 Qd6 16. Nxf6+ gxf6 17. Qxf6 Kd7 18. Qxf7+ Qe7 19. Qf3 Rab8 20. d5 Rhf8 21. dxe6+ Ke8 22. Qh5+ Kd8 23. Red1+ Kc8 24. Rac1+ Qc7 25.
Rxc7+ Kxc7 26. Qc5# 1-0

[Event "Live Chess"]
[Site "Chess.com"]
[Date "2024.06.01"]
[Round "-"]
[White "matt1979"]
[Black "Nathaniel250"]
[Result "1/2-1/2"]
[WhiteElo "1364"]
[BlackElo "1384"]
[TimeControl "300"]
[EndTime "9:05:19 PDT"]
[Termination "Game drawn by agreement"]

1. f4 e6 2. Nf3 d5 3. e3 Nc6 4.
Bb5 Bd7 5. O-O a6 6. Bxc6 Bxc6 7. b3 Nf6 8. Bb2 Be7 9. Ne5 O-O 10. Qe1 Nd7 11.
Nxc6 bxc6 12. Qg3 Bf6 13. Bxf6 Nxf6 14. d3 c5 15. Qh4 Nd7 16. Qh3 Nb6 17. Rf3 c4 18.
Rg3 cxd3 19. Qh6 g6 20. Rh3 Re8 21. Qxh7+ Kf8 22. cxd3 Qf6 23. Qh8+ Qxh8 24. Rxh8+ Ke7 25. Rxe8+ Rxe8 26. Nc3 Nd7 27. Rc1 1/2-1/2

[Event "Live Chess"]
[Site "Chess.com"]
[Date "2024.06.01"]
[Round "-"]
[White "TJ-W"]
[Black "Keithdfg"]
[Result "1-0"]
[WhiteElo "1574"]
[BlackElo "1727"]
[TimeControl "300"]
[EndTime "9:05:29 PDT"]
[Termination "TJ-W won by resignation"]

1. e4 d6 2. d4 Nf6 3. Nc3 Nbd7 4. f4 e5 5. dxe5 dxe5 6. fxe5 Nxe5 7. Qxd8+ Kxd8 8.
Bf4 Ng6 9. Bg3 c6 10. O-O-O+ Ke8 11. Bc4 Nh5 12. Nf3 Nxg3 13. hxg3 f6 14. e5 fxe5 15.
Nxe5 Nxe5 16. Rhe1 1-0

[Event "Live Chess"]
[Site "Chess.com"]
[Date "2024.06.01"]
[Round "-"]
[White "Berdgross"]
[Black "edward33_24h"]
[Result "0-1"]
[WhiteElo "570"]
[BlackElo "625"]
[TimeControl "300"]
[EndTime "9:05:32 PDT"]
[Termination "edward33_24h won by checkmate"]

1. d4 d5 2. e3 e6 3. Nf3 Nf6 4.
Nc3 Bb4 5. Bd2 Ne4 6. Nb5 Bxd2+ 7. Nxd2 c6 8. Nxe4 dxe4 9. Nc3 Qb6 10. Nxe4 Nd7 11. Nd6+ Ke7 12. Nc4 Qb5 13. Ne5 Qxb2 14. Nxd7 Bxd7 15. h3 Rhe8 16. g4 c5 17. dxc5 Qc3+ 18.
Ke2 Bb5+ 19. Kf3 Bc6+ 20. Kg3 Qe5+ 21. f4 Qxe3+ 22. Kh2 Qxf4+ 23. Kg1 Qg3+ 24. Bg2 Qxg2# 0-1

[Event "Live Chess"]
[Site "Chess.com"]
[Date "2024.06.01"]
[Round "-"]
[White "SirGerhard"]
[Black "Dhaydon19"]
[Result "1/2-1/2"]
[WhiteElo "2750"]
[BlackElo "2708"]
[TimeControl "300"]
[EndTime "9:05:57 PDT"]
[Termination "Game drawn by repetition"]

1. d4 c6 2. c4 d5 3. Nf3 Nf6 4. Nc3 e6 5. Bg5 Be7 6. e3 Nbd7 7. Bd3 O-O 8. O-O b6 9. cxd5 cxd5 10.
Ne5 Nxe5 11. dxe5 Nd7 12. Bf4 Bb7 13. Qg4 g6 14. Rad1 a6 15. Qg3 Bh4 16. Qh3 Bg5 17.
Bxg5 Qxg5 18. f4 Qe7 19. Ne2 Nc5 20. Nd4 a5 21. Bc2 f6 22. exf6 Qxf6 23. Qg3 Rae8 24.
a3 e5 25. fxe5 Qxe5 26. Rxf8+ Kxf8 27. Qxe5 Rxe5 28. b4 axb4 29. axb4 Ne6 30. Kf2 Nxd4 31. Rxd4 Ke7 32. h4 Re6 33. g4 Kd6 34. g5 Ke7 35. h5 Bc6 36. hxg6 hxg6 37. Rh4 Re5 38. Rh7+ Kd6 39. Rh6 Rxg5 40. Rxg6+ Rxg6 41. Bxg6 Ke5 42. Ke2 d4 43. Kd2 Be4 44. Bf7 Bd5 45. Bg6 Be4 46. Bf7 Bd5 47. Bg6 Be4 1/2-1/2

[Event "Live Chess"]
[Site "Chess.com"]
[Date "2024.06.01"]
[Round "-"]
[White "will-balkwill"]
[Black "Zhevzh1k7"]
[Result "1-0"]
[WhiteElo "1077"]
[BlackElo "1082"]
[TimeControl "300"]
[EndTime "9:06:06 PDT"]
[Termination "will-balkwill won by checkmate"]

1. e4 c6 2. d4 d5 3. f3 Qb6 4. Bd3 e6 5. Ne2 c5 6. Nbc3 cxd4 7. Nxd4 Qxd4 8. Bb5+ Bd7 9. Qxd4 Bxb5 10. Nxb5 Na6 11. exd5 exd5 12. Qxd5 Bc5 13. Nc7+ Nxc7 14. Qxc5 Na6 15.
Qe3+ Ne7 16. O-O f6 17. Re1 Kf7 18. Qxe7+ Kg6 19. Qe4+ Kf7 20. Qc4+ Kg6 21. Re4 f5 22. Re6+ Kf7 23. Rxa6+ Ke7 24. Qe6+ Kd8 25. Bg5+ Kc7 26. Qd6+ Kc8 27. Qc5+ Kd7 28. Qxf5+ Kc7 29. Qc5+ Kd7 30. Rd6+ Ke8 31. Qe5+ Kf7 32. Qe7+ Kg8 33. Rad1 h6 34. Rd8+ Rxd8 35. Rxd8+ Kh7 36. Rxh8+ Kxh8 37. Bxh6 gxh6 38.
Kf2 Kg8 39. Kg3 h5 40. Kf4 b5 41. Kf5 b4 42. Kg6 a5 43. Qg7# 1-0

[Event "Live Chess"]
[Site "Chess.com"]
[Date "2024.06.01"]
[Round "-"]
[White "Hazban"]
[Black "karina55"]
[Result "1-0"]
[WhiteElo "2034"]
[BlackElo "1731"]
[TimeControl "300"]
[EndTime "9:06:07 PDT"]
[Termination "Hazban won by resignation"]

1. d4 f5 2. Nc3 Nf6 3. Bg5 e6 4.
e4 h6 5. Bxf6 Qxf6 6. exf5 exf5 7. Bc4 Bb4 8. Qe2+ Qe7 9. O-O-O Bxc3 10. Qh5+ Kf8 11. bxc3 Qg5+ 12. Qxg5 hxg5 13. Nf3 g4 14. Ne5 Rh6 15. h3 gxh3 16. Rxh3 Rxh3 17. Ng6+ Ke8 18. Re1+ Kd8 19. gxh3 c6 20. Bf7 Kc7 21. Re8 Na6 22.
Ne7 b5 23. f4 Bb7 24. Rxa8 Bxa8 25. Nxf5 c5 26. d5 d6 27. Nxg7 b4 28. c4 Nb8 29.
Be8 Nd7 30. Bxd7 1-0

[Event "Live Chess"]
[Site "Chess.com"]
[Date "2024.06.01"]
[Round "-"]
[White "degringolade64"]
[Black "GeorgianaMorea"]
[Result "1-0"]
[WhiteElo "2040"]
[BlackElo "1997"]
[TimeControl "300"]
[EndTime "9:06:21 PDT"]
[Termination "degringolade64 won by resignation"]

1. e4 c5 2. Nf3 e6 3. Nc3 a6 4.
g3 Nc6 5. Bg2 d6 6. d4 cxd4 7.
Nxd4 Nf6 8. O-O Qc7 9. Nxc6 bxc6 10. Na4 Be7 11. c4 O-O 12. b3 Bb7 13. Bb2 d5 14. exd5 cxd5 15. Rc1 dxc4 16. Rxc4 Qb8 17. Re1 Bxg2 18.
Kxg2 Nd5 19. Be5 Qb7 20. Qf3 Rad8 21. Rec1 Bg5 22. R1c2 Rd7 23. Nc5 Qa7 24. Nxd7 Qxd7 25. h4 Bh6 26. b4 Qb5 27. a3 Nb6 28. Rc5 Qa4 29. Bb2 Nd5 30. Rc8 Ne7 31. Rxf8+ Kxf8 32. Qa8+ Qe8 33. Qxe8+ Kxe8 34. Rc7 Nd5 35. Ra7 1-0

[Event "Live Chess"]
[Site "Chess.com"]
[Date "2024.06.01"]
[Round "-"]
[White "Outspanner"]
[Black "viktor_forever1994"]
[Result "1-0"]
[WhiteElo "1484"]
[BlackElo "1448"]
[TimeControl "300"]
[EndTime "9:06:21 PDT"]
[Termination "Outspanner won by checkmate"]

1. Nf3 Nc6 2. c4 d5 3. b3 dxc4 4. bxc4 Nf6 5. g3 Bf5 6. Bg2 e5 7. d3 Bc5 8. Bb2 O-O 9. O-O Re8 10. Nc3 h6 11. Qb3 Rb8 12. Ba3 Qd6 13. Bxc5 Qxc5 14.
Nd2 b6 15. Nde4 Nxe4 16. Nxe4 Bxe4 17. Bxe4 Nd4 18. Qb2 a5 19. Rab1 Qd6 20. Rfc1 h5 21. c5 bxc5 22. Qxb8 Rxb8 23. Rxb8+ Qf8 24. Rxf8+ Kxf8 25. Kf1 g5 26. Rxc5 h4 27. Rxc7 f6 28. Ra7 hxg3 29.
hxg3 Nb5 30. Rxa5 Nc3 31. a4 Ke7 32. Ra6 Na2 33. Ke1 Nb4 34. Rb6 Nc2+ 35. Kd2 Nd4 36.
e3 Ne6 37. Rxe6+ Kxe6 38. a5 Kd6 39. a6 Kc7 40. a7 Kc8 41. a8=Q+ Kd7 42. Qa6 Kc7 43.
Kc3 Kb8 44. Kc4 Kc7 45. Kc5 Kd7 46. Qd6+ Ke8 47. Qc7 Kf8 48. Kd6 Ke8 49. Qe7# 1-0

[Event "Live Chess"]
[Site "Chess.com"]
[Date "2024.06.01"]
[Round "-"]
[White "TheSmoulderingMaster"]
[Black "DoggyDalmatian"]
[Result "1-0"]
[WhiteElo "1734"]
[BlackElo "1551"]
[TimeControl "300"]
[EndTime "9:06:30 PDT"]
[Termination "TheSmoulderingMaster won by resignation"]

1. e4 e5 2. Nf3 Nc6 3. Bb5 Nf6 4. O-O Nxe4 5. d4 Nd6 6. Ba4 Be7 7. dxe5 Nf5 8. Qd3 d5 9. exd6 Qxd6 10. Qe4 Bd7 11. Bf4 Qe6 12. Re1 Qxe4 13. Rxe4 O-O-O 14. Nc3 Bf6 15. Nd5 Nce7 16. Nxf6 gxf6 17. g4 Bxa4 18. Rxa4 Nh6 19. Bxh6 1-0

[Event "Live Chess"]
[Site "Chess.com"]
[Date "2024.06.01"]
[Round "-"]
[White "GEMdzq"]
[Black "DJ_Lambton"]
[Result "1-0"]
[WhiteElo "2334"]
[BlackElo "1752"]
[TimeControl "300"]
[EndTime "9:06:44 PDT"]
[Termination "GEMdzq won by resignation"]

1. e4 c6 2. d4 d5 3. e5 Bf5 4. h4 h5 5. c4 e6 6. Nc3 Bb4 7. Bd2 Ne7 8. Nf3 Nd7 9. a3 Bxc3 10.
Bxc3 dxc4 11. Bxc4 Nb6 12. Bd3 Bxd3 13. Qxd3 Ned5 14.
Bd2 Rc8 15. O-O c5 16. dxc5 Rxc5 17. Rac1 Rxc1 18. Rxc1 O-O 19. Ng5 g6 20. g3 Ne7 21.
Qe2 Nf5 22. Ne4 Nd4 23. Qd3 Qd5 24. Nf6+ 1-0

[Event "Live Chess"]
[Site "Chess.com"]
[Date "2024.06.01"]
[Round "-"]
[White "Bob2pen"]
[Black "mrsmarple1968"]
[Result "1-0"]
[WhiteElo "1913"]
[BlackElo "1813"]
[TimeControl "300"]
[EndTime "9:06:48 PDT"]
[Termination "Bob2pen won by resignation"]

1. e4 e5 2. Nf3 Nc6 3. Bb5 a6 4. Ba4 Nf6 5. O-O d6 6. c3 Be7 7. d4 b5 8. Bb3 exd4 9. cxd4 Bg4 10.
h3 Bxf3 11. Qxf3 Nxd4 12. Qd1 Nxb3 13. Qxb3 O-O 14. Re1 Re8 15. Nc3 Rb8 16. Bf4 b4 17.
Nd5 c6 18. Ne3 Nxe4 19. Qc2 Bf6 20. Nc4 d5 21. Bxb8 dxc4 22. Rxe4 Rxe4 23. Qxe4 Qxb8 24.
Qxc4 Bxb2 25. Rb1 Bf6 26. Rxb4 Qe8 27. Rb1 a5 28. Rc1 Bg5 29. Qxc6 Qxc6 30. Rxc6 h6 31. Kf1 Bd2 32. Ke2 Bb4 33. Kd3 Kf8 34. Kc4 Ke8 35.
Kd5 Kd7 36. Ra6 Be1 37. Ra7+ Ke8 38. f3 f6 39. Rxg7 Bc3 40. Ke6 Kd8 41. Rh7 Bd2 42.
Kxf6 a4 43. Ke6 a3 44. Rd7+ Kc8 45. Rxd2 1-0

[Event "Live Chess"]
[Site "Chess.com"]
[Date "2024.06.01"]
[Round "-"]
[White "StoreySniper"]
[Black "KeithArkell"]
[Result "0-1"]
[WhiteElo "2522"]
[BlackElo "2513"]
[TimeControl "300"]
[EndTime "9:07:01 PDT"]
[Termination "KeithArkell won by checkmate"]

1. c4 c5 2. g3 Nc6 3. Bg2 g6 4. Nc3 Bg7 5. e3 Nf6 6. Nge2 d6 7. d4 O-O 8. O-O Bg4 9. h3 cxd4 10. exd4 Bxe2 11.
Nxe2 d5 12. c5 b6 13. cxb6 Qxb6 14. b3 e6 15. Ba3 Rfc8 16. Bc5 Qd8 17. b4 Nd7 18. Rc1 Nxc5 19. bxc5 Qa5 20. Qd3 Rab8 21. Rfd1 Qa4 22. Rd2 Rb4 23. Rb1 Rxb1+ 24. Qxb1 Nxd4 25.
Nxd4 Bxd4 26. Qb7 Rxc5 27. Qb8+ Kg7 28. Qf4 e5 29. Qh4 Qb4 30. Re2 Rc1+ 31. Kh2 Qc4 32. Rd2 Qc3 33. Re2 Qd3 34. Qg4 Qd1 35. h4 Bxf2 36.
Qf3 Bg1+ 37. Kh3 e4 38. Qg4 h5 39. Qf4 Qxe2 40. Qxc1 Qg4# 0-1

[Event "Live Chess"]
[Site "Chess.com"]
[Date "2024.06.01"]
[Round "-"]
[White "TC2304"]
[Black "gunslinger222"]
[Result "1-0"]
[WhiteElo "2332"]
[BlackElo "2269"]
[TimeControl "300"]
[EndTime "9:07:04 PDT"]
[Termination "TC2304 won by resignation"]

1. c4 c5 2. Nf3 Nc6 3. g3 g6 4.
Bg2 Bg7 5. O-O d6 6. Nc3 h5 7. e3 Nh6 8. d4 Bg4 9. Ne2 Nf5 10. d5 Bxf3 11. Bxf3 Ne5 12. Bg2 h4 13. e4 Nd4 14.
Nxd4 cxd4 15. b3 hxg3 16. hxg3 d3 17. Bb2 Nf3+ 18. Qxf3 Bxb2 19. Rab1 Bg7 20. Qxd3 Qd7 21. b4 Qg4 22. Qf3 Qg5 23. Rfd1 Rc8 24. c5 O-O 25.
Rbc1 Qe5 26. Rc2 f5 27. exf5 Rxf5 28. Qe4 Rcf8 29. Qxe5 Bxe5 30. c6 bxc6 31. dxc6 e6 32. f4 Bg7 33. Rxd6 e5 34. c7 Rc8 35. Rd8+ Rf8 36.
Rxc8 Rxc8 37. Bh3 1-0

[Event "Live Chess"]
[Site "Chess.com"]
[Date "2024.06.01"]
[Round "-"]
[White "13Alexey"]
[Black "DukeBG"]
[Result "1-0"]
[WhiteElo "708"]
[BlackElo "480"]
[TimeControl "300"]
[EndTime "9:07:04 PDT"]
[Termination "13Alexey won on time"]

1. d4 d5 2. Bf4 Nc6 3. Nf3 e5 4.
dxe5 d4 5. Nxd4 Nxd4 6. c3 Ne6 7. Qc1 g5 8. Bg3 Bg7 9. Qe3 c5 10. Qe4 Bd7 11. e3 Bc6 12. Qf5 Ne7 13. Qg4 Qa5 14. Nd2 Qa4 15. Qxa4 Bxa4 16. b3 Bc6 17. Nf3 O-O-O 18.
Be2 f6 19. exf6 Bxf6 20. Rc1 h5 21. h3 h4 22. Bh2 Ng6 23. O-O Ngf4 24. exf4 1-0

[Event "Live Chess"]
[Site "Chess.com"]
[Date "2024.06.01"]
[Round "-"]
[White "NAZRIZ1977"]
[Black "PureDashingOctopus"]
[Result "1-0"]
[WhiteElo "2150"]
[BlackElo "2227"]
[TimeControl "300"]
[EndTime "9:07:09 PDT"]
[Termination "NAZRIZ1977 won by resignation"]

1. c4 c5 2. g3 g6 3. Bg2 Bg7 4. Nf3 Nc6 5. O-O d6 6. Nc3 Bf5 7. d3 Qd7 8. Re1 Bh3 9. Bh1 h5 10. Nd5 h4 11. Nf4 hxg3 12. fxg3 Bg4 13. e3 O-O-O 14. Qa4 Kb8 15. Rf1 Nf6 16. Ng5 e5 17.
Nd5 Rh5 18. h4 Qe6 19. Nxe6 1-0

[Event "Live Chess"]
[Site "Chess.com"]
[Date "2024.06.01"]
[Round "-"]
[White "akp42"]
[Black "RuslanChessN"]
[Result "1/2-1/2"]
[WhiteElo "1976"]
[BlackElo "1975"]
[TimeControl "300"]
[EndTime "9:07:13 PDT"]
[Termination "Game drawn by repetition"]

1. e4 c6 2. d4 d5 3. Nc3 dxe4 4.
Nxe4 Bf5 5. Ng3 Bg6 6. h4 h6 7. h5 Bh7 8. Nf3 Nf6 9. Bd3 Bxd3 10.
Qxd3 e6 11. Bd2 Bd6 12. O-O-O Nbd7 13. Kb1 Qc7 14. Ne4 Nxe4 15. Qxe4 Nf6 16. Qd3 Bf4 17. Bxf4 Qxf4 18. Qb3 O-O-O 19. Qa4 Kb8 20. Rd3 Nd5 21. Ne5 Nb6 22. Qb4 Rd5 23. a4 Rhd8 24. Rhd1 f6 25. Ng6 e5 26. Ne7 Rxd4 27. Rxd4 Rxd4 28. Rxd4 exd4 29. Nxc6+ bxc6 30. a5 Kb7 31. axb6 axb6 32. Qe7+ Qc7 33. Qe4 Qe5 34. Qg6 Qe7 35. f3 c5 36. Qf5 Kc6 37. Qc8+ Kd5 38. Qa8+ Kd6 39. Qb8+ Qc7 40. Qf8+ Qe7 41. Qb8+ Qc7 42. Qf8+ Qe7 43. Qb8+ 1/2-1/2

[Event "Live Chess"]
[Site "Chess.com"]
[Date "2024.06.01"]
[Round "-"]
[White "Ferrarifan27"]
[Black "NottheBishopSacrifice"]
[Result "0-1"]
[WhiteElo "2092"]
[BlackElo "2150"]
[TimeControl "300"]
[EndTime "9:07:19 PDT"]
[Termination "NottheBishopSacrifice won by resignation"]

1. e4 c6 2. d4 d5 3. e5 c5 4.
dxc5 e6 5. a3 Bxc5 6. b4 Be7 7.
Bb2 a5 8. b5 Nd7 9. a4 f6 10.
exf6 Bxf6 11. Bxf6 Qxf6 12. c3 Ne7 13. Nf3 O-O 14.
Bd3 Nc5 15. Bc2 e5 16. O-O Bf5 17. Bxf5 Qxf5 18. Qe2 Ng6 19. Nbd2 Rae8 20. c4 Nf4 21. Qe3 d4 22. Qa3 b6 23. Rae1 Qg4 24. g3 Nfd3 25.
Re2 Rxf3 26. Nxf3 Qxf3 27. Qa2 e4 28. Rd1 Rf8 29. h4 h6 30. Red2 e3 31. fxe3 Qxg3+ 32. Rg2 Qxe3+ 33. Kh1 Rf2 34. Rd2 Rf1+ 35. Kh2 Qf4+ 36.
Rg3 Ne4 37. Rxd3 Rf2+ 38. Qxf2 Qxf2+ 39. Rg2 Qf4+ 40. Kg1 Nc5 41. Rdd2 d3 42. Rdf2 Qe3 43. Kh2 Ne4 44. Rf1 d2 45. Rfg1 Qd4 46. Rd1 Nf2 47. Rf1 Ng4+ 48. Kg3 Ne3 0-1